 Dungeon Crawl Stone Soup version 0.17.1-3-g152610e (webtiles) character file.

233 Mechanique the Ducker (level 5, -1/35 HPs)
             Began as a Mummy Ice Elementalist on Mar 4, 2016.
             Slain by a killer bee (5 damage)
             ... on level 3 of the Dungeon.
             The game lasted 00:09:44 (3441 turns).

Mechanique the Ducker (Mummy Ice Elementalist)      Turns: 3441, Time: 00:09:44

Health: -1/35      AC:  2    Str: 11    XL:     5   Next: 75%
Magic:  0/8        EV:  8    Int: 16    God:
Gold:   32         SH:  0    Dex: 12    Spells: 2 memorised, 5 levels left

rFire  x . .     SeeInvis .     h - +4 dagger (drain)
rCold  + . .     Clarity  .     e - +0 robe
rNeg   + + +     SustAt   .     (no shield)
rPois  ∞         Gourm    .     (no helmet)
rElec  .         Spirit   +     (no cloak)
rCorr  .         Warding  .     (no gloves)
rMut   .         Stasis   .     (no boots)
MR     .....                    d - amulet of guardian spirit
Stlth  ++........               (no ring)
                                (no ring)

@: not resistant to hostile enchantments, unstealthy
A: no food or potions, fire vulnerability, cold resistance 1, negative energy
resistance 3, torment resistance, unbreathing
a: no special abilities


You were on level 3 of the Dungeon.
You were not hungry.

You visited 1 branch of the dungeon, and saw 3 of its levels.

You collected 32 gold pieces.

Inventory:

Hand Weapons
 h - a +4 dagger of draining (weapon)
Armour
 e - a +0 robe (worn)
Jewellery
 d - an amulet of guardian spirit (around neck)
Scrolls
 c - a scroll of remove curse
 f - a scroll of recharging
 g - a scroll of amnesia
Books
 b - a book of Frost

   Spells                             Type                      Level
   a - Freeze                         Ice                          1
   b - Throw Frost                    Conjuration/Ice              2
   c - Ozocubu's Armour               Charms/Ice                   3
   d - Throw Icicle                   Conjuration/Ice              4
   e - Summon Ice Beast               Ice/Summoning                4
   f - Condensation Shield            Ice                          4


   Skills:
 - Level 3.6 Dodging
 - Level 1.7 Stealth
 - Level 2.2 Spellcasting
 + Level 2.0 Conjurations
 + Level 3.4 Ice Magic


You had 5 spell levels left.
You knew the following spells:

 Your Spells              Type           Power        Failure   Level  Hunger
a - Freeze                Ice            ##..         6%          1    N/A
b - Throw Frost           Conj/Ice       ##....       12%         2    N/A

Dungeon Overview and Level Annotations

Branches:
Dungeon (3/15)

Altars:


Innate Abilities, Weirdness & Mutations

You do not eat or drink.
Your flesh is vulnerable to fire.
You are immune to poison.
Your flesh is cold resistant.
You are immune to negative energy.
You are immune to unholy pain and torment.
You can survive without breathing.


Message History

You see here 27 sling bullets.
The killer bee stings you!
You open the door. The killer bee stings you.
The killer bee closely misses you. The killer bee barely misses you.
There is an open door here.
The killer bee buzzes angrily.
The killer bee stings you but does no damage.
The killer bee barely misses you. The killer bee barely misses you.
The killer bee stings you.
You see here a chain mail.
The killer bee stings you. x2
The killer bee barely misses you. The killer bee closely misses you.
There is a stone staircase leading up here.
The killer bee stings you!
* * * LOW HITPOINT WARNING * * *
The killer bee stings you but does no damage.
The killer bee stings you.
You die...

#####y...########.# #.#.# #.#
# #...'....# ##.# #.#.# #.# #
#.###....#######..##
#.#.###†#### #.#
#....##....(...###...........
#.#
#....##..y.....'.....<#..####
#.#
#...(.'........####...#..#
..# #.....#...[....#
#.#.#..### ###
#####.#....y(..####.#......#
#.#....y@..'...÷.....#.#
#.#....)...####.#.##.#.#
#.#######'#####.#.##.#.# #.#
#.......#....#.# #..
#.#######.####.# ### #.# #.#
#.# #.# #.# #.# #.# #.#


You could see 3 killer bees.

Vanquished Creatures
  Sigmund (D:2)
  4 adders
  A worm (D:2)
  2 giant geckos
  4 bats
  6 goblins (D:1)
  3 hobgoblins (D:1)
  7 kobolds
  3 quokkas
  5 giant newts
  2 rats (D:1)
38 creatures vanquished.

Notes
Turn   | Place    | Note
--------------------------------------------------------------
     0 | D:1      | Mechanique the Mummy Ice Elementalist began the quest for the Orb.
     0 | D:1      | Reached XP level 1. HP: 13/13 MP: 3/3
   434 | D:1      | Reached XP level 2. HP: 10/19 MP: 3/5
   438 | D:1      | Learned a level 2 spell: Throw Frost
  1952 | D:2      | Noticed Sigmund
  2298 | D:2      | Reached skill level 1 in Conjurations
  2298 | D:2      | Reached XP level 3. HP: 22/24 MP: 0/6
  2902 | D:2      | Killed Sigmund
  2902 | D:2      | Reached skill level 3 in Dodging
  2902 | D:2      | Reached XP level 4. HP: 30/30 MP: 1/7
  2902 | D:2      | Reached XP level 5. HP: 35/35 MP: 1/8
  3441 | D:3      | Slain by a killer bee

Action                   |  1- 3 |  4- 6 || total
-------------------------+-------+-------++-------
Melee: Club              |    42 |       ||    42
       Dagger            |    84 |    22 ||   106
 Cast: Freeze            |    11 |       ||    11
       Throw Frost       |     9 |     2 ||    11
  Use: Scroll            |     4 |       ||     4
 Stab: Sleeping          |     1 |       ||     1
